 Dungeon Crawl Stone Soup version 0.18.1-8-gdd0e5ea (webtiles) character file.

6783 Jojapa the Destroyer (level 10, -7/52 HPs)
             Began as a Deep Elf Wizard on May 22, 2016.
             Was a Believer of Vehumet.
             Killed from afar by Maurice (11 damage)
             ... with a wand of lightning
             ... on level 8 of the Dungeon.
             The game lasted 00:49:31 (13523 turns).

Jojapa the Destroyer (Deep Elf Wizard)             Turns: 13523, Time: 00:49:31

Health: -7/52      AC:  6    Str:  4    XL:     10   Next: 76%
Magic:  35/36      EV: 15    Int: 29    God:    Vehumet [**....]
Gold:   180        SH:  0    Dex: 17    Spells: 6 memorised, 20 levels left

rFire  . . .     SeeInvis .     O - +9 whip "Ynguewan" {slash, Int+2 Dex+4 Stlth+}
rCold  + . .     Gourm    .     Q - +1 robe {Archmagi}
rNeg   . . .     Faith    .     (no shield)
rPois  .         Spirit   .     b - +0 hat
rElec  .         Dismiss  .     (no cloak)
rCorr  .         Reflect  .     e - +0 pair of gloves
SustAt .         Harm     .     (no boots)
MR     +....                    (no amulet)
Stlth  +++.......               E - ring of protection from cold
                                F - ring of magical power

@: somewhat resistant to hostile enchantments, fairly stealthy
A: thin metallic scales 1
a: Renounce Religion


You were on level 8 of the Dungeon.
You worshipped Vehumet.
Vehumet was pleased with you.
You were hungry.

You visited 2 branches of the dungeon, and saw 9 of its levels.

You collected 366 gold pieces.
You spent 186 gold pieces at shops.

Inventory:

Hand Weapons
 B - a +0 whip
 J - a +0 mace of protection
 O - the +9 whip "Ynguewan" (weapon) {slash, Int+2 Dex+4 Stlth+}
   (You found it on level 7 of the Dungeon)

   It inflicts extra damage upon your enemies.
   It affects your intelligence (+2).
   It affects your dexterity (+4).
   It makes you more stealthy.
Armour
 b - a +0 hat (worn)
 e - a +0 pair of gloves (worn)
 Q - a +1 robe of the Archmagi (worn)
Magical Staves
 a - an uncursed staff of poison
Jewellery
 E - a ring of protection from cold (right hand)
 F - a ring of magical power (left hand)
Wands
 q - a wand of confusion (42/48)
 y - a wand of flame (18/48)
 z - a wand of flame (18/48)
 C - a wand of hasting (1/9)
 M - a wand of teleportation (0/9)
 P - a wand of iceblast (7/15)
Scrolls
 f - 2 scrolls of teleportation {unknown}
 i - 2 scrolls of noise {unknown}
 j - a scroll of fog {unknown}
 k - 2 scrolls of recharging {unknown}
 l - 3 scrolls of blinking {unknown}
 r - a scroll of amnesia {unknown}
 t - 3 scrolls of remove curse
 u - a scroll of fear {unknown}
 w - 3 scrolls of enchant weapon {unknown}
 D - a scroll of magic mapping {unknown}
 H - a scroll of silence {unknown}
 L - a scroll of immolation {unknown}
 N - a scroll of identify
Potions
 g - a potion of brilliance
 h - a potion of curing
 o - 2 potions of cancellation
 p - 5 potions of flight
 x - a potion of might
 A - 5 potions of agility
 I - a potion of mutation
 K - a potion of invisibility
 S - a potion of haste
Books
 c - a book of Minor Magic

   Spells                             Type                      Level
   a - Magic Dart                     Conjuration                  1
   b - Blink                          Translocation                2
   c - Call Imp                       Summoning                    2
   d - Repel Missiles                 Charms/Air                   2
   e - Slow                           Hexes                        2
   f - Conjure Flame                  Conjuration/Fire             3
   g - Mephitic Cloud                 Conjuration/Poison/Air       3
Comestibles
 d - 7 bread rations
 m - 7 meat rations
 n - 7 chunks of flesh
 s - 3 royal jellies
 G - 5 fruits


   Skills:
 - Level 1.0 Fighting
 - Level 2.0 Maces & Flails
 - Level 5.0 Dodging
 - Level 2.4 Stealth
 + Level 11.8 Spellcasting
 * Level 13.2 Conjurations
 - Level 2.2 Charms
   Level 1.1 Summonings
 - Level 2.1 Translocations
 - Level 1.0 Fire Magic
 - Level 2.0 Air Magic
 - Level 1.0 Poison Magic


You had 20 spell levels left.
You knew the following spells:

 Your Spells              Type           Power        Failure   Level  Hunger
a - Magic Dart            Conj           ####         0%          1    None
b - Blink                 Tloc           N/A          1%          2    None
c - Repel Missiles        Chrm/Air       #####.       1%          2    None
d - Mephitic Cloud        Conj/Pois/Air  ######..     1%          3    None
e - Conjure Flame         Conj/Fire      ######..     1%          3    None
f - Shock                 Conj/Air       ####         1%          1    None


Dungeon Overview and Level Annotations

Branches:
Dungeon (8/15)             Temple (1/1) D:5
   Lair: D:8-11

Altars:
Ashenzari
Cheibriados
Dithmenos
Elyvilon
Fedhas
Gozag
Kikubaaqudgha
Makhleb
Nemelex Xobeh
Okawaru
Qazlal
Ru
Sif Muna
Trog
Vehumet
Xom
Yredelemnul
Zin
The Shining One

Shops:
D:5 (=!   D:6 %   D:8 [

Annotations:
D:8 Maurice


Innate Abilities, Weirdness & Mutations

You are partially covered in thin metallic scales (AC +2).


Message History

The bolt of lightning hits you!
Ouch! That really hurt!
* * * LOW HITPOINT WARNING * * *
You hear a zap.
A bolt of lightning appears from out of thin air!
The bolt of lightning hits you!
* * * LOW HITPOINT WARNING * * *
You see here a stone.
Read which item? (? for menu, Esc to quit)
Okay, then.
An arrow appears from out of thin air!
The arrow hits you.
* * * LOW HITPOINT WARNING * * *
You see here an arrow.
You hear a twanging sound.
An arrow appears from out of thin air!
The arrow hits you but does no damage.
You see here an arrow.
You hear a zap.
A bolt of lightning appears from out of thin air!
The bolt of lightning hits you!
You die...

.###..<(...##...#.#..# ##
######..##..(..#..#
#####...#..##..#..#..#
....'...#..##....(...#
##..#...#..##....(#..#
##.######).###.....#.# ##.#
#.#### ###.#...#
...####..#### #(#.∩.#
#####.<.....# #@....#
.......#.##.# #.###.#
............####.# #.#######
.####............# #.......#
....#..#.#..#########.#....#
.##.[....#..#
#.........######
<....<......#
#.##.#..........
.#####..##.##
#.##.####.#####.
...........# #.##.####.# ##


There were no monsters in sight!

Vanquished Creatures
  Erica (D:8)
  The ghost of beastlywrath the Ducker, a novice TrWr of Trog (D:8)
  Pikel (D:7)
  A manticore (D:8)
  Joseph (D:8)
  Prince Ribbit (D:5)
  4 wraiths (D:7)
  A hungry ghost (D:7)
  A hippogriff (D:7)
  Grum (D:8)
  Edmund (D:5)
  A sky beast (D:7)
  4 slaves
  An orc warrior (D:7)
  A phantom (D:6)
  2 black bears
  An ogre (D:4)
  3 necrophages (D:7)
  An ice beast (D:8)
  2 wolves (D:7)
  4 centaurs
  A big kobold (D:7)
  3 killer bees (D:8)
  5 wights (D:7)
  4 crimson imps
  2 giant frog zombies
  3 human zombies (D:7)
  2 hounds
  2 jellies (D:6)
  4 orc priests
  A giant frog skeleton (D:7)
  8 orc wizards
  3 iguanas
  5 worker ants
  A killer bee zombie (D:8)
  2 hound skeletons
  3 worker ant zombies
  8 gnolls
  A howler monkey skeleton (D:6)
  10 adders
  3 shadow imps (D:8)
  An ooze (D:6)
  An adder skeleton (D:6)
  A worm (D:3)
  2 dart slugs
  5 giant geckos
  19 orcs
  7 bats
  6 giant cockroaches
  12 hobgoblins
  10 jackals
  14 kobolds
  6 quokkas
  3 giant gecko skeletons
  A giant gecko zombie (D:6)
  3 giant newts
  8 goblins
  2 orc zombies (D:7)
  A quokka zombie (D:7)
  10 rats
217 creatures vanquished.

Notes
Turn   | Place    | Note
--------------------------------------------------------------
     0 | D:1      | Jojapa the Deep Elf Wizard began the quest for the Orb.
     0 | D:1      | Reached XP level 1. HP: 10/10 MP: 7/7
   315 | D:1      | Reached skill level 2 in Conjurations
   315 | D:1      | Reached XP level 2. HP: 15/15 MP: 3/9
   319 | D:1      | Learned a level 2 spell: Blink
   322 | D:1      | Learned a level 2 spell: Repel Missiles
  1339 | D:1      | Reached skill level 3 in Conjurations
  1339 | D:1      | Reached XP level 3. HP: 19/19 MP: 3/11
  1600 | D:2      | Reached skill level 5 in Spellcasting
  1907 | D:2      | Found a deep blue altar of Sif Muna.
  2146 | D:2      | Reached XP level 4. HP: 24/24 MP: 10/13
  2568 | D:2      | Learned a level 3 spell: Mephitic Cloud
  2572 | D:2      | Learned a level 3 spell: Conjure Flame
  2786 | D:3      | Found an iron altar of Okawaru.
  2821 | D:3      | Reached skill level 4 in Conjurations
  3079 | D:3      | Reached XP level 5. HP: 28/28 MP: 10/15
  3541 | D:3      | Reached skill level 5 in Conjurations
  4046 | D:4      | Noticed an ogre
  4054 | D:4      | Killed an ogre
  4054 | D:4      | Reached XP level 6. HP: 32/32 MP: 6/17
  4138 | D:4      | Found a stormy altar of Qazlal.
  4353 | D:4      | Reached skill level 6 in Conjurations
  5119 | D:5      | Entered Level 5 of the Dungeon
  5153 | D:5      | Found Zeugh's Distillery.
  5158 | D:5      | Noticed Prince Ribbit
  5181 | D:5      | Killed Prince Ribbit
  5181 | D:5      | Reached skill level 1 in Fire Magic
  5181 | D:5      | Reached skill level 1 in Air Magic
  5181 | D:5      | Reached skill level 1 in Poison Magic
  5181 | D:5      | Reached XP level 7. HP: 36/36 MP: 8/19
  5465 | D:5      | Found Vurhas's Antique Weapon Boutique.
  5465 | D:5      | Noticed Edmund
  6039 | D:5      | Killed Edmund
  6039 | D:5      | Reached skill level 7 in Conjurations
  6277 | D:5      | Bought a potion of degeneration for 12 gold pieces
  6277 | D:5      | Bought a potion of mutation for 30 gold pieces
  6277 | D:5      | Bought a potion of invisibility for 96 gold pieces
  6277 | D:5      | Bought a potion of agility for 48 gold pieces
  6350 | D:5      | Found a staircase to the Ecumenical Temple.
  6359 | Temple   | Entered the Ecumenical Temple
  6369 | Temple   | Became a worshipper of Vehumet
  6649 | D:5      | Found Neluqad's Jewellery Shop.
  6670 | D:5      | Found a shimmering altar of Xom.
  7000 | D:6      | Reached XP level 8. HP: 41/41 MP: 21/21
  7306 | D:6      | Reached skill level 8 in Conjurations
  7770 | D:6      | Found Guimigh's Food Emporium.
  7968 | D:6      | You fall through a shaft!
  7968 | D:7      | Found a shadowy altar of Dithmenos.
  8048 | D:7      | Got a faintly glowing whip
  8049 | D:7      | Identified the +9 whip "Ynguewan" {slash, Int+2 Dex+4 Stlth+} (You found it on level 7 of the Dungeon)
  8063 | D:7      | Reached skill level 1 in Fighting
  8128 | D:7      | Reached * piety under Vehumet
  8128 | D:7      | Offered knowledge of Shock by Vehumet.
  8131 | D:7      | Learned a level 1 spell: Shock
  8205 | D:7      | Reached skill level 1 in Maces & Flails
  8336 | D:7      | Reached skill level 9 in Conjurations
  8474 | D:7      | Noticed Pikel
  8723 | D:7      | Reached XP level 9. HP: 47/47 MP: 9/23
  8856 | D:7      | Reached skill level 5 in Dodging
  8991 | D:7      | Reached skill level 1 in Charms
  9125 | D:7      | Found a basalt altar of Yredelemnul.
  9264 | D:7      | Found a sacrificial altar of Ru.
  9289 | D:7      | Killed Pikel
  9289 | D:7      | Reached skill level 10 in Conjurations
  9449 | D:7      | Gained mutation: You are partially covered in thin metallic scales (AC +2). [potion of beneficial mutation]
  9976 | D:7      | Reached skill level 11 in Conjurations
  9977 | D:7      | Reached skill level 10 in Spellcasting
 10168 | D:8      | Found Deczennol's Armour Shoppe.
 10346 | D:8      | Found a sparkling altar of Nemelex Xobeh.
 10462 | D:8      | Noticed beastlywrath's ghost (novice TrWr)
 10478 | D:8      | Killed beastlywrath's ghost
 10478 | D:8      | Reached XP level 10. HP: 17/52 MP: 21/26
 10483 | D:8      | Found a sacrificial altar of Ru.
 10737 | D:8      | Reached ** piety under Vehumet
 10750 | D:8      | Offered knowledge of Searing Ray by Vehumet.
 10784 | D:8      | Noticed Grum
 11189 | D:7      | Reached skill level 12 in Conjurations
 11330 | D:8      | Noticed Joseph
 11369 | D:8      | Noticed Maurice
 11909 | D:8      | Killed Grum
 11936 | D:8      | Killed Joseph
 12305 | D:8      | Noticed Erica
 12323 | D:8      | Killed Erica
 12323 | D:8      | Reached skill level 13 in Conjurations
 12455 | D:8      | Noticed a manticore
 12467 | D:8      | Killed a manticore
 13523 | D:8      | Killed from afar by Maurice

Skill      XL: |  1  2  3  4  5  6  7  8  9 10 |
---------------+-------------------------------+-----
Conjurations   | 2 3 4 5 6 7 9 11 13 | 13.2
Spellcasting   | 5 6 7 8 10 11 | 11.8
Fire Magic     | 1 |  1.0
Air Magic      | 1 2 |  2.0
Poison Magic   | 1 |  1.0
Dodging        | 3 4 5 |  5.0
Fighting       | 1 |  1.0
Maces & Flails | 1 2 |  2.0
Charms         | 2 |  2.2
Translocations | 2 |  2.1
Stealth        | |  2.4
Summonings     | |  1.1

Action                   |  1- 3 |  4- 6 |  7- 9 | 10-12 || total
-------------------------+-------+-------+-------+-------++-------
Melee: Whip              |       |       |    12 |       ||    12
 Cast: Magic Dart        |    78 |   169 |   212 |     5 ||   464
       Repel Missiles    |     1 |       |       |       ||     1
       Conjure Flame     |       |     4 |    34 |     9 ||    47
       Mephitic Cloud    |       |     5 |    16 |    21 ||    42
       Blink             |       |       |     5 |     7 ||    12
       Shock             |       |       |   247 |   186 ||   433
Evoke: Wand              |       |       |       |     3 ||     3
  Use: Scroll            |       |     6 |     3 |     1 ||    10
       Potion            |       |       |     1 |     1 ||     2
  Eat: Chunk             |     4 |     9 |    10 |     5 ||    28
       Pizza             |       |       |     1 |     1 ||     2
       Beef jerky        |       |       |     3 |     1 ||     4
       Fruit             |       |       |       |     1 ||     1
Armor: Robe              |     4 |     2 |     6 |    11 ||    23
       Leather armour    |       |     2 |    19 |       ||    21
Dodge: Dodged            |     9 |    26 |    39 |    44 ||   118
       Deflected         |       |     1 |       |       ||     1
